 Dungeon Crawl Stone Soup version 0.31-a0-263-ge8cad7f256 (webtiles) character file.

Game seed: 79801143177376109

1342 GloriousHammer the Ruffian (level 8, -1/79 HPs)
             Began as a Troll Shapeshifter on July 13, 2023.
             Killed from afar by a steam dragon (10 damage)
             ... with a ball of steam
             ... on level 6 of the Dungeon.
             The game lasted 00:09:12 (4677 turns).

GloriousHammer the Ruffian (Troll Shapeshifter)     Turns: 4677, Time: 00:09:12

Health: -1/79      AC:  4    Str: 26    XL:     8   Next: 35%
Magic:  7/7        EV: 14    Int:  4    God:
Gold:   331        SH:  5    Dex: 10    Spells: 7/7 levels left

rFire   . .          .
                       - Unarmed
rCold   . . .        (no shield)
rNeg    . . .        a - +0 animal skin
rPois   .            (helmet currently unavailable)
rElec   .            (cloak currently unavailable)
rCorr   .            (gloves unavailable)
SInv    +            (boots unavailable)
Will    .....        q - amulet of reflection
Stlth   +            v - ring of see invisible
HPRegen 1.13/turn    E - +5 ring of evasion
MPRegen 0.10/turn

%: reflection
@: beast-form, mesmerised
A: beast (slay +3), large, unfitting armour, claws 3, regeneration 1, shaggy fur
1, tough skin 1
a: Begin Untransformation


You were on level 6 of the Dungeon.
You were a hulking beast.
You visited 1 branch of the dungeon, and saw 6 of its levels.

You collected 331 gold pieces.

Inventory:

Hand Weapons
 t - a +0 sling
Missiles
 u - 6 poisoned darts
 A - 3 boomerangs
 B - 6 atropa-tipped darts
 C - a large rock
Armour
 a - a +0 animal skin (worn)
 g - a +0 cloak
 s - a +2 hat
Jewellery
 q - an amulet of reflection (around neck)
 v - a ring of see invisible (left claw)
 E - a +5 ring of evasion (right claw)
 M - a ring of magical power
Talismans
 c - a beast talisman
Wands
 m - a wand of charming (7)
 n - a wand of flame (12)
 w - a wand of iceblast (9)
 D - a wand of acid (12)
Scrolls
 d - 5 scrolls of teleportation {unknown}
 e - 3 scrolls of revelation {unknown}
 f - 2 scrolls of fear {unknown}
 h - 3 scrolls of vulnerability {unknown}
 i - 3 scrolls of identify {unknown}
 x - a scroll of amnesia {unknown}
 y - a scroll of summoning {unknown}
Potions
 b - 3 potions of lignification
 j - a potion of heal wounds {unknown}
 k - a potion of brilliance {unknown}
 l - a potion of enlightenment {unknown}
 o - a potion of curing {unknown}
 p - a potion of degeneration {unknown}
 r - a potion of magic {unknown}
 z - a potion of haste {unknown}


   Skills:
 + Level 4.4 Fighting
 + Level 0.2 Throwing
 - Level 1.5 Dodging
 * Level 7.5 Unarmed Combat
 + Level 5.2 Shapeshifting


You had 7 spell levels left.
You didn't know any spells.
Your spell library contained the following spells:

 Spells                   Type           Power      Damage    Failure   Level
 Summon Small Mammal      Summ           0%         N/A       50%         1
 Lesser Beckoning         Tloc           0%         N/A       65%         2
 Call Canine Familiar     Summ           0%         N/A       86%         3
 Gell's Gravitas          Tloc           0%         N/A       86%         3
 Summon Guardian Golem    Hex/Summ       0%         N/A       86%         3
 Teleport Other           Tloc           0%         N/A       86%         3


Dungeon Overview and Level Annotations

Branches:
Dungeon (6/15)
 Temple: D:4-7

Altars:
Elyvilon
Xom

Shops:
D:1 *

Annotations:
D:6 Maggie


Innate Abilities, Weirdness & Mutations

You are a hulking beast.
Your limbs bulge with bestial killing power. (Slay +3)
You are too large for most types of armour.
You have claws for hands.
Your natural rate of healing is unusually fast.
You are covered in fur. (AC +1)
You have tough skin. (AC +1)


Message History

There is an open door here.
There is an open door here.
There is an open door here.
You see here a stone.
You see here a large rock.
C - a large rock
(D) Dungeon
Where to? (Enter - D:5 @ (x,y), ? - help)
You see here a stone.
There is an open door here.
There is an open door here.
There is an open door here.
There is an open door here.
There is a stone staircase leading down here.
You climb downwards.
The jelly quivers.
Found a short glass wand.
Found a stone staircase leading down.
There is a stone staircase leading up here.
A jelly is nearby!
Found an escape hatch in the ceiling.
The jelly hits you.
You are splashed with acid!
You claw the jelly!
Your claws burn!
The jelly is heavily wounded.
You mangle the jelly!!
You kill the jelly!
There is a stone staircase leading up here.
HP restored.
D - a wand of acid (12)
Found a stone staircase leading up.
i - 3 scrolls labelled BOMIWKENAEPN (gained 1)
h - 3 scrolls labelled SUJE GEEDIEQ (gained 1)
Found a stone staircase leading down.
M - a ring of magical power An ufetubus comes into view.
An ufetubus is nearby!
An ufetubus is nearby!
You claw the ufetubus!
You kill the ufetubus!
An adder comes into view.
An adder is nearby!
An adder is nearby!
A white imp comes into view.
The white imp shouts!
The adder hisses angrily.
You mangle the adder!!
You kill the adder!
The white imp gestures at you. The puff of frost hits you!
Maggie the Vainglorious comes into view.
She is wielding a +0 glaive of protection.
Found a scroll labelled BOMIWKENAEPN and a wand of acid (5).
A steam dragon comes into view.
Maggie casts a spell.
Maggie attempts to bespell you!
You are mesmerised by Maggie!
The white imp gestures at you. The puff of frost hits you.
Found a glowing chain mail.
You barely miss the white imp. The white imp completely misses you.
The steam dragon hisses angrily.
You scratch the white imp.
The white imp is heavily wounded.
The white imp gestures at you. The puff of frost misses you.
You claw the white imp!
You kill the white imp!
Maggie hits you with a +0 glaive of protection!
The steam dragon breathes steam at you. The ball of steam hits you!
You barely miss Maggie.
You are engulfed in a cloud of scalding steam.
Maggie casts a spell.
Maggie draws you further into her thrall.
You claw Maggie!
Maggie is moderately wounded.
You are engulfed in a cloud of scalding steam.
You scratch Maggie.
Maggie is moderately wounded.
You are engulfed in a cloud of scalding steam.
You block Maggie's attack. The steam dragon misses you.
The steam dragon claws you but does no damage.
You scratch Maggie.
Maggie is heavily wounded.
You are engulfed in a cloud of scalding steam.
* * * LOW HITPOINT WARNING * * *
Maggie hits you with a +0 glaive of protection!
* * * LOW HITPOINT WARNING * * *
The steam dragon closely misses you. The steam dragon claws you.
* * * LOW HITPOINT WARNING * * *
You cannot move away from Maggie!
Unknown command.
You claw Maggie!
Maggie is severely wounded.
Maggie barely misses you. The steam dragon barely misses you.
The steam dragon claws you but does no damage.
You claw Maggie!
Maggie is almost dead.
Maggie hits you with a +0 glaive of protection!
* * * LOW HITPOINT WARNING * * *
The steam dragon breathes steam at you. The ball of steam hits you!
You die...

................
....../?.........
..................
.[................#
..................#.
....................
.......D..........#
......@h....§.....#
.......§....§.....#
..................#
..................#
..................#
..................#
..................#####
......................#
#.#########.####....#


You could see Maggie (mesmerising) and a steam dragon (catching breath).

Vanquished Creatures
  Grinder (D:4)
  Sigmund (D:4)
  Menkaure (D:5)
  A sky beast (D:5)
  A phantom (D:5)
  A scorpion (D:5)
  2 howler monkeys (D:5)
  4 hounds (D:5)
  3 jellies
  Ijyb (D:3)
  2 iguanas
  3 orc wizards
  9 adders
  2 gnolls (D:3)
  A white imp (D:6)
  2 ufetubi
  2 worms
  3 dart slugs
  14 orcs
  4 endoplasms
  2 giant cockroaches
  7 goblins
  8 hobgoblins
  5 jackals
  5 kobolds
  5 quokkas
  9 ball pythons
  6 bats
  6 frilled lizards
  5 rats
116 creatures vanquished.

Notes
Turn   | Place    | Note
-------+----------+-------------------------------------------
     0 | D:1      | GloriousHammer the Troll Shapeshifter began the quest for
                  | the Orb.
     0 | D:1      | Reached XP level 1. HP: 19/19 MP: 0/0
    91 | D:1      | Reached XP level 2. HP: 28/28 MP: 1/1
   136 | D:1      | Found a faded altar of an unknown god.
   247 | D:1      | Found Ulaciwk's General Store.
   432 | D:1      | Reached XP level 3. HP: 35/35 MP: 2/2
   883 | D:2      | Found a white marble altar of Elyvilon.
   991 | D:2      | Reached skill level 3 in Unarmed Combat
  1663 | D:2      | Reached XP level 4. HP: 42/42 MP: 3/3
  1884 | D:3      | Noticed Ijyb
  1892 | D:3      | Killed Ijyb
  2624 | D:4      | Noticed Grinder
  2641 | D:4      | Killed Grinder
  2642 | D:4      | Reached skill level 4 in Unarmed Combat
  2642 | D:4      | Reached XP level 5. HP: 33/53 MP: 4/4
  2642 | D:4      | Reached XP level 6. HP: 38/61 MP: 5/5
  2926 | D:4      | Reached skill level 5 in Unarmed Combat
  3036 | D:4      | Noticed Sigmund
  3051 | D:4      | Killed Sigmund
  3052 | D:4      | Reached XP level 7. HP: 53/67 MP: 6/6
  3273 | D:4      | Found a shimmering altar of Xom.
  3636 | D:5      | Entered Level 5 of the Dungeon
  3687 | D:5      | Reached skill level 6 in Unarmed Combat
  4007 | D:5      | Noticed Menkaure
  4017 | D:5      | Reached XP level 8. HP: 65/78 MP: 7/7
  4025 | D:5      | Killed Menkaure
  4026 | D:5      | Reached skill level 7 in Unarmed Combat
  4026 | D:5      | Reached skill level 5 in Shapeshifting
  4666 | D:6      | Noticed Maggie
  4677 | D:6      | Killed from afar by a steam dragon

Illustrated notes

Levels and vault maps discovered:
D:1:      sevenhm_arrival_forest_fort_large_3, layout_basic,
          hellmonk_ecumenical_altar_inner_sanctum, serial_shops,
          nicolae_shop_just_a_little_nook, nicolae_wormholes
D:2:      layout_basic, basic_altar, dk_vineyard_1, minmay_vboxes
D:3:      minmay_general_purpose_star, layout_basic, uniq_ijyb
D:4:      layout_gridville, general_overflow_altar,
          chequers_serial_rivers_small_3, uniq_sigmund, uniq_grinder
D:5:      layout_loops_cross, hangedman_decor_growths,
          chequers_serial_rivers_marsh, nicolae_zen_rock_garden,
          serial_bayou_pond_b, uniq_menkaure
D:6:      layout_basic, uniq_maggie

Skill      XL: |  1  2  3  4  5  6  7  8 |
---------------+-------------------------+-----
Fighting       | 2 3 4 |  4.4
Unarmed Combat | 3 4 5 6 7 |  7.5
Shapeshifting  | 4 5 |  5.2
Throwing       | |  0.2
Dodging        | |  1.5

Action                     |  1- 3 |  4- 6 |  7- 9 || total
---------------------------+-------+-------+-------++-------
  Melee: Unarmed           |    88 |    73 |   100 ||   261
         Punch             |     1 |     1 |     1 ||     3
   Stab: Sleeping          |     2 |     1 |       ||     3
 Armour: Animal skin       |    27 |    11 |    23 ||    61
  Dodge: Dodged            |    40 |    43 |    52 ||   135
  Block: Other             |       |     5 |    20 ||    25
         Reflection        |       |       |     3 ||     3
         Form:             |     1 |       |       ||     1
         Beast             |     1 |       |       ||     1

Table legend: (Time is in decaauts)
 A = Elapsed time spent in this place.
 B = Non-inter-level travel time spent in this place.
 C = Inter-level travel time spent in this place.
 D = Time resting spent in this place.
 E = Time spent auto-exploring this place.
 F = Levels seen in this place.
 G = Mean time per level.
                   A        B        C        D        E       F      G
               +--------+--------+--------+--------+--------+-----+--------+
         Total |   4651 |   4413 |    238 |    510 |   3135 |   6 |  775.2 |
       Dungeon |   4651 |   4413 |    238 |    510 |   3135 |   6 |  775.2 |
               +--------+--------+--------+--------+--------+-----+--------+

Top non-repeatable levels by time:
     D:4: 1056 daAuts
     D:2: 941 daAuts
     D:5: 917 daAuts
     D:1: 880 daAuts
     D:3: 742 daAuts
     D:6: 114 daAuts
